 Dungeon Crawl Stone Soup version 0.30-a0-739-gea05faddec (webtiles) character file.

Game seed: 6296558539373451061

89 timneilson the Covered (level 4, -1/28 HPs)
             Began as a Gargoyle Fighter on Feb 5, 2023.
             Slain by an orc priest
             ... wielding a +0 flail
              (2 damage)
             ... on level 3 of the Dungeon.
             The game lasted 00:02:44 (2330 turns).

timneilson the Covered (Gargoyle Fighter)           Turns: 2330, Time: 00:02:45

Health: -1/28      AC: 13    Str: 19    XL:     4   Next: 55%
Magic:  4/4        EV:  7    Int:  9    God:
Gold:   117        SH:  5    Dex: 11    Spells: 3/3 levels left

rFire   . . .      SeeInvis .    a - +0 long sword
rCold   . . .      Faith    .    c - +1 buckler
rNeg    + . .      Spirit   .    i - +0 chain mail
rPois   ∞          Reflect  .    (no helmet)
rElec   +          Harm     .    (no cloak)
rCorr   .          Rampage  .    (no gloves)
Will    .....                    (no boots) Stlth
                                 (no amulet)
HPRegen 0.24/turn                (no ring)
MPRegen 0.09/turn                (no ring)

@: no status effects
A: sickness immunity, AC +3, negative energy resistance 1, electricity
resistance, torment resistance 1, petrification resistance
a: no special abilities


You were on level 3 of the Dungeon.
You visited 1 branch of the dungeon, and saw 3 of its levels.

You collected 117 gold pieces.

Inventory:

Hand Weapons
 a - a +0 long sword (weapon)
Armour
 c - a +1 buckler (worn)
 i - a +0 chain mail (worn)
Jewellery
 j - a ring of fire
Wands
 m - a wand of paralysis (7)
Scrolls
 b - a scroll of identify
 f - a scroll of enchant armour
 g - 2 scrolls of vulnerability
 k - a scroll of noise {unknown}
Potions
 d - a potion of might


   Skills:
 + Level 3.6 Fighting
 * Level 2.5 Long Blades
 * Level 4.1 Armour
 + Level 1.0 Dodging
 * Level 3.9 Shields


You had 3 spell levels left.
You didn't know any spells.
Your spell library contained the following spells:

 Spells                   Type           Power      Damage    Failure   Level
 Apportation              Tloc           0%         N/A       99%         1
 Alistair's Intoxication  Tmut/Pois      0%         N/A       100%        5


Dungeon Overview and Level Annotations

Branches:
Dungeon (3/15)

Altars:


Innate Abilities, Weirdness & Mutations

You are immune to sickness and miasma.
Your stone body is resilient. (AC +3)
You are immune to poison.
You resist negative energy. (rN+)
You are resistant to electric shocks. (rElec)
You are resistant to unholy torment.
You are immune to petrification.


Message History

You hit the orc priest.
The orc priest is moderately wounded.
The orc hits you but does no damage. The orc barely misses you.
Something hits you but does no damage.
The orc priest hits you but does no damage.
You slash the orc priest!
The orc priest is almost dead.
The orc barely misses you. The orc hits you but does no damage.
Something hits you but does no damage.
The orc priest looks satisfied for a moment.
The orc priest hits you with a +0 flail.
The orc hits you with a +0 flail.
You hit the orc priest but do no damage.
The orc priest is almost dead.
The orc hits you with a +0 flail.
The orc priest invokes the aid of Beogh against you.
Pain shoots through your body! Something hits you.
You barely miss the orc priest.
The orc priest is almost dead.
The orc barely misses you. The orc hits you with a +0 flail.
Something hits you but does no damage.
The orc priest hits you but does no damage.
You hit the orc priest.
The orc priest is almost dead.
You block the orc's attack. The orc hits you with a +0 flail.
* * * LOW HITPOINT WARNING * * *
Something hits you but does no damage.
The orc priest calls upon Beogh to heal the orc.
The orc's wounds heal themselves!
The orc priest closely misses you. The orc hits you but does no damage.
Something hits you.
* * * LOW HITPOINT WARNING * * *
The orc hits you but does no damage.
You closely miss the orc priest.
The orc priest is almost dead.
The orc hits you with a +0 dagger.
* * * LOW HITPOINT WARNING * * *
The orc hits you but does no damage. Something hits you.
* * * LOW HITPOINT WARNING * * *
The orc priest hits you with a +0 flail.
You die...

#.. #.# #.# .# #.# .#
#.####.### #.##.....
#.##.#.#
###o##...#####
########oo@....†....#
..........o.#..####.#
......##.##.#..#
#..## #.##.#..#### .
#(....>....#.#
#....#.....#.##.#
#.####....<.....<
#..### #.#
####....##. #.... ...
#)#.#.##.


You could see an orc priest and 3 orcs.

Vanquished Creatures
  4 adders (D:2)
  3 orcs (D:3)
  5 bats
  5 endoplasms
  3 giant cockroaches
  3 goblins
  7 hobgoblins
  5 kobolds
  2 quokkas (D:1)
  6 ball pythons
  3 rats (D:2)
46 creatures vanquished.

Notes
Turn   | Place    | Note
-------+----------+-------------------------------------------
     0 | D:1      | timneilson the Gargoyle Fighter began the quest for the
                  | Orb.
     0 | D:1      | Reached XP level 1. HP: 14/14 MP: 1/1
   244 | D:1      | Reached XP level 2. HP: 19/19 MP: 2/2
  1303 | D:2      | Reached XP level 3. HP: 23/23 MP: 3/3
  1502 | D:2      | Found a faded altar of an unknown god.
  1692 | D:2      | Reached skill level 4 in Armour
  1692 | D:2      | Reached XP level 4. HP: 28/28 MP: 4/4
  2189 | D:3      | Reached skill level 1 in Dodging
  2330 | D:3      | HP: 1/28 [something (3)]
  2330 | D:3      | Slain by an orc priest

Illustrated notes

Levels and vault maps discovered:
D:1:      wheals_arrival_linesprint, layout_basic
D:2:      minmay_chambers_of_ones, layout_loops_ring,
          shapermc_ecumenical_altar_starsandcircs
D:3:      layout_loops_ring, nemelex_xobeh_ov_fountains_minmay,
          nicolae_underground_beach

Skill      XL: |  1  2  3  4 |
---------------+-------------+-----
Long Blades    | 2 |  2.5
Armour         | 4 |  4.1
Dodging        | 1 |  1.0
Fighting       | |  3.6
Shields        | |  3.9

Action                     |  1- 3 |  4- 6 || total
---------------------------+-------+-------++-------
  Melee: Long sword        |   142 |    65 ||   207
    Use: Scroll            |     4 |     4 ||     8
         Potion            |       |     2 ||     2
 Armour: Scale mail        |    31 |       ||    31
         Chain mail        |    69 |    86 ||   155
  Dodge: Dodged            |    59 |    30 ||    89
  Block: Buckler           |    33 |    21 ||    54

Table legend: (Time is in decaauts)
 A = Elapsed time spent in this place.
 B = Non-inter-level travel time spent in this place.
 C = Inter-level travel time spent in this place.
 D = Time resting spent in this place.
 E = Time spent auto-exploring this place.
 F = Levels seen in this place.
 G = Mean time per level.
                   A        B        C        D        E       F      G
               +--------+--------+--------+--------+--------+-----+--------+
         Total |   2397 |   2273 |    124 |    100 |   1706 |   3 |  799.0 |
       Dungeon |   2397 |   2273 |    124 |    100 |   1706 |   3 |  799.0 |
               +--------+--------+--------+--------+--------+-----+--------+

Top non-repeatable levels by time:
     D:1: 1288 daAuts
     D:2: 871 daAuts
     D:3: 236 daAuts
